 Dungeon Sprint DCSS version 0.31.0-11-ge490571c62 (webtiles) character file.

Game seed: 2672642296062754432

1316 DiggyJ the Severer (level 8, -2/86 HPs)
             Began as a Hill Orc Berserker on Feb 3, 2024.
             Was a Priest of Trog.
             Slain by Sonja
             ... wielding a +1 short sword of distortion
              (13 damage)
             ... in the Dungeon (Sprint I: "Red Sonja").
             The game lasted 00:04:00 (806 turns).

DiggyJ the Severer (Hill Orc Berserker)              Turns: 806, Time: 00:04:01

Health: -2/86      AC:  2    Str: 22    XL:     8   Next: 59%
Magic:  8/8        EV: 13    Int:  7    God:    Trog [***...]
Gold:   405        SH:  0    Dex: 10    Spells: 7/7 levels left

rFire   . . .        a - +0 hand axe
rCold   . . .        (no shield)
rNeg    . . .        b - +0 animal skin
rPois   .            (no helmet)
rElec   .            (no cloak)
rCorr   .            (no gloves)
SInv    .            (no boots)
Will    ++...        (no amulet)
Stlth   ++           (no ring)
HPRegen 1.34/turn    (no ring)
MPRegen 0.11/turn

%: no teleportation
@: strong-willed, on berserk cooldown, regenerating, slowed, very slow
A: no striking features
a: Renounce Religion, Berserk, Trog's Hand


You were in the Dungeon.
You worshipped Trog.
Trog was most pleased with you.
You visited 1 branch You collected 405 gold pieces.

Inventory:

Hand Weapons
 a - a +0 hand axe (weapon)
Armour
 b - a +0 animal skin (worn)
Wands
 i - a wand of charming (2)
Scrolls
 h - a scroll of blinking
 j - a scroll of fog {unknown}
 k - a scroll of enchant armour {unknown}
 l - a scroll of poison {unknown}
Potions
 c - a potion of curing
 d - a potion of heal wounds
 e - a potion of haste
 f - 2 potions of magic
 g - a potion of berserk rage


   Skills:
 + Level 13.2 Fighting
 + Level 16.2 Axes
 + Level 5.1 Armour
 + Level 5.9 Dodging
 + Level 2.9 Stealth


You had 7 spell levels left.
You didn't know any spells.
Your spell library was empty.

Dungeon Overview and Level Annotations

Branches:
Dungeon (1/1)

Altars:
Cheibriados
Dithmenos
Elyvilon
Fedhas
Gozag
Hepliaklqana
Kikubaaqudgha
Makhleb
Nemelex Xobeh
Okawaru
Qazlal
Ru
Sif Muna
Trog
Uskayaw
Vehumet
Wu Jian
Xom
Yredelemnul
Zin
The Shining One
Jiyva
Lugonu

Shops:
D =

Annotations:
D Sonja


Message History

Sonja blinks!
You feel sick.
You feel sick.
You are no longer poisoned.
Sonja gestures wildly while chanting.
Sonja blinks!
There is an open door, spattered with blood here.
Sonja throws a curare-tipped dart.
The curare-tipped dart closely misses you.
Sonja mumbles some strange words.
Sonja blinks!
Sonja throws a curare-tipped dart.
The curare-tipped dart closely misses you.
Sonja casts a spell.
Sonja blinks!
There is an open door, spattered with blood here.
Sonja gestures wildly while chanting.
Sonja blinks!
Sonja closely misses you.
Sonja hits you with a +1 short sword of distortion.
Sonja hits you with a +1 short sword of distortion!
Space warps around you.
You closely miss Sonja. Your punch misses Sonja.
Sonja is severely wounded.
Sonja hits you with a +1 short sword of distortion. x2
Space warps horribly around you!
* * * LOW HITPOINT WARNING * * *
Sonja hits you with a +1 short sword of distortion.
* * * LOW HITPOINT WARNING * * *
Space warps around you.
* * * LOW HITPOINT WARNING * * *
Sonja mumbles some strange words.
Sonja blinks!
Unknown command.
Sonja attacks as she pursues you!
Sonja hits you with a +1 short sword of distortion.
* * * LOW HITPOINT WARNING * * *
Space warps horribly around you!
You die...
Sonja applauds herself.

##########################
#<.#..)..#..'..#__#..')..#
#..)..#..').#..'..'..#)..#
#..#####'#####'#__####...+
#..####..#...#.#### #####
#..#__####..##.#
#..#_____##'#_.+
#⌠⌠#_.∩...'.K@_#
####_..__##_.#'#
#_____###'#.#
#########.### +$.$+ #$.$#
##.## #+#


You could see Sonja.

Vanquished Creatures
  2 kobold demonologists (D)
  A glass eye (D)
  A slime creature (D)
  Sigmund (D)
  A yak (D)
  An ogre (D)
  A jelly (D)
  Ijyb (D)
9 creatures vanquished.

Notes
Turn   | Place    | Note
-------+----------+-------------------------------------------
     0 | D        | DiggyJ the Hill Orc Berserker began the quest for the Orb.
     0 | D        | Reached XP level 1. HP: 19/19 MP: 1/1
     2 | D        | Noticed Ijyb
    10 | D        | Killed Ijyb
    11 | D        | Reached skill level 5 in Fighting
    11 | D        | Reached skill level 6 in Axes
    11 | D        | Reached XP level 2. HP: 14/29 MP: 2/2
    11 | D        | Reached XP level 3. HP: 18/36 MP: 3/3
    96 | D        | Noticed an ogre
   100 | D        | Killed an ogre
   101 | D        | Reached skill level 8 in Axes
   101 | D        | Reached XP level 4. HP: 47/47 MP: 4/4
   148 | D        | Noticed Sigmund
   158 | D        | Killed Sigmund
   158 | D        | Reached ** piety under Trog
   159 | D        | Reached skill level 11 in Axes
   159 | D        | Reached skill level 1 in Stealth
   159 | D        | Reached XP level 5. HP: 57/57 MP: 5/5
   159 | D        | Reached XP level 6. HP: 64/64 MP: 6/6
   229 | D        | Found an ornate altar of the Wu Jian Council.
   229 | D        | Found a shimmering blue altar of Sif Muna.
   231 | D        | Found a radiant altar of Vehumet.
   426 | D        | Found a burning altar of Makhleb.
   426 | D        | Found a viscous altar of Jiyva.
   426 | D        | Found a shimmering altar of Xom.
   426 | D        | Found a corrupted altar of Lugonu.
   426 | D        | Noticed a slime creature
   437 | D        | Killed a slime creature
   438 | D        | Reached skill level 10 in Fighting
   438 | D        | Reached skill level 13 in Axes
   438 | D        | Reached XP level 7. HP: 18/73 MP: 7/7
   624 | D        | Noticed a kobold demonologist
   624 | D        | Noticed a glass eye
   625 | D        | Noticed a kobold demonologist
   632 | D        | Killed a glass eye
   633 | D        | Reached skill level 14 in Axes
   633 | D        | Reached skill level 5 in Dodging
   635 | D        | Killed a kobold demonologist
   635 | D        | Reached *** piety under Trog
   636 | D        | Reached skill level 15 in Axes
   636 | D        | Reached XP level 8. HP: 85/85 MP: 8/8
   640 | D        | Killed a kobold demonologist
   641 | D        | Reached skill level 5 in Armour
   667 | D        | Found Momifogi's Jewellery Emporium.
   667 | D        | Found an ancient bone altar of Kikubaaqudgha.
   667 | D        | Found a hazy altar of Hepliaklqana.
   667 | D        | Found a stormy altar of Qazlal.
   667 | D        | Found a hide-covered altar of Uskayaw.
   667 | D        | Found a blossoming altar of Fedhas.
   667 | D        | Found a bloodstained altar of Trog.
   667 | D        | Found an iron altar of Okawaru.
   667 | D        | Found a basalt altar of Yredelemnul.
   667 | D        | Found a glowing golden altar of the Shining One.
   667 | D        | Found a snail-covered altar of Cheibriados.
   667 | D        | Found a sacrificial altar of Ru.
   667 | D        | Found a glowing silver altar of Zin.
   667 | D        | Found a shadowy altar of Dithmenos.
   667 | D        | Found a white marble altar of Elyvilon.
   667 | D        | Noticed a yak
   679 | D        | Killed a yak
   679 | D        | Reached **** piety under Trog
   680 | D        | Reached skill level 16 in Axes
   680 | D        | Found an opulent altar of Gozag.
   681 | D        | Found a sparkling altar of Nemelex Xobeh.
   786 | D        | Noticed Sonja
   806 | D        | Slain by Sonja

Illustrated notes

Levels and vault maps discovered:
D:        dungeon_sprint_1 [red_sonja_temple_1, red_sonja_temple_small_1]

Skill      XL: |  1  2  3  4  5  6  7  8 |
---------------+-------------------------+-----
Fighting       | 5 7 9 10 12 13 | 13.2
Axes           | 6 8 11 13 15 16 | 16.2
Dodging        | 2 3 4 5 |  5.9
Armour         | 3 4 5 |  5.1
Stealth        | 1 2 |  2.9

Action                     |  1- 3 |  4- 6 |  7- 9 || total
---------------------------+-------+-------+-------++-------
  Melee: Hand axe          |    10 |    26 |    28 ||    64
 Invoke: Berserk           |     2 |     1 |     2 ||     5
         Trog's Hand       |       |       |     1 ||     1
 Armour: Animal skin       |     4 |     8 |    19 ||    31
  Dodge: Dodged            |     3 |     8 |    11 ||    22
